3AAA
SANTA BARBARA GOLDEN CRANES @ ALASKAN HUMPBACKS
08/18/2028
 
TOP OF THE 1ST
Santa Barbara Golden Cranes batting - Pitching for Alaskan Humpbacks : LHP Billy Grange
Pitching: LHP Billy Grange
Batting: RHB Daniel Maldonado 0-0: Ball
1-0: Called Strike
1-1: Ball
2-1: Fly out, F6 (Popup, 56D)
Batting: RHB Ed St. James 0-0: Single, Error in OF, E8, batter to second base
Batting: RHB Arsenio Laurel 0-0: Ball
1-0: Fly out, F7 (Flyball, 7)
Batting: RHB John Aston 0-0: Fly out, F7 (Flyball, 78M)
Top of the 1st over - 0 run(s), 1 hit(s), 1 error(s), 1 left on base; Santa Barbara 0 - Alaskan 0
BOTTOM OF THE 1ST
Alaskan Humpbacks batting - Pitching for Santa Barbara Golden Cranes : RHP Pablo Gómez
Pitching: RHP Pablo Gómez
Batting: RHB Augusto Escobar 0-0: Called Strike
0-1: Swinging Strike
0-2: Ball
1-2: Foul Ball, location: 2F
1-2: SINGLE (Line Drive, 7LS)
Batting: RHB Jack Peck 0-0: Ball
1-0: Called Strike
1-1: Fly out, F8 (Flyball, 8RS)
Batting: LHB Miguel Martínez 0-0: Called Strike
0-1: Ball
1-1: Foul Ball, location: 2F
1-2: SINGLE (Groundball, 25) (infield hit)
Augusto Escobar to second
Batting: RHB Urs van Munster 0-0: Called Strike
0-1: Foul Ball, location: 2F
0-2: Strikes out swinging
Batting: LHB Kelly Drijver 0-0: Fielders Choice at 2nd, 5-4 (Groundball, 5L)
Bottom of the 1st over - 0 run(s), 2 hit(s), 0 error(s), 1 left on base; Santa Barbara 0 - Alaskan 0
TOP OF THE 2ND
Santa Barbara Golden Cranes batting - Pitching for Alaskan Humpbacks : LHP Billy Grange
Batting: RHB Gilbert Graham 0-0: Swinging Strike
0-1: Ball
1-1: Ball
2-1: Foul Ball, location: 2F
2-2: Ball
3-2: Ground out 5-3 (Groundball, 5)
Batting: SHB Glyn Bolasky 0-0: Ball
1-0: Swinging Strike
1-1: SINGLE (Line Drive, 4D)
Batting: RHB Salvador Noriega 0-0: Ball
1-0: Ball
2-0: Called Strike
2-1: Fielders Choice at 2nd, 4-6 (Groundball, 4)
Batting: RHB James Pike 0-0: Ball
1-0: Fielders Choice at 2nd, 5-4 (Groundball, 56)
Top of the 2nd over - 0 run(s), 1 hit(s), 0 error(s), 0 left on base; Santa Barbara 0 - Alaskan 0
BOTTOM OF THE 2ND
Alaskan Humpbacks batting - Pitching for Santa Barbara Golden Cranes : RHP Pablo Gómez
Batting: RHB Michael Riley 0-0: Fly out, F7 (Flyball, 78S)
Batting: RHB Jorge Flores 0-0: Ball
1-0: Foul Ball, location: 2F
1-1: Ground out 5-3 (Groundball, 56S)
Batting: RHB Gregory Shankland 0-0: Ball
1-0: Ball
2-0: Called Strike
2-1: Ball
3-1: Fly out, F3 (Popup, 34S)
Bottom of the 2nd over - 0 run(s), 0 hit(s), 0 error(s), 0 left on base; Santa Barbara 0 - Alaskan 0
TOP OF THE 3RD
Santa Barbara Golden Cranes batting - Pitching for Alaskan Humpbacks : LHP Billy Grange
Batting: RHB Ángel López 0-0: Ball
1-0: Ball
2-0: Called Strike
2-1: Foul Ball, location: 2F
2-2: Ball
3-2: Foul Ball, location: 2F
3-2: Foul Ball, location: 2F
3-2: Base on Balls
Batting: RHB Daniel Maldonado 0-0: Ball
1-0: Foul Ball, location: 2F
1-1: Foul Ball, location: 2F
1-2: Ball
2-2: Ball
3-2: Base on Balls
Ángel López to second
Batting: RHB Ed St. James 0-0: Ball
1-0: Fly out, F9 (Flyball, 89D)
Runner from 2nd tags up, SAFE at 3rd, no throw
Batting: RHB Arsenio Laurel 0-0: Called Strike
0-1: Called Strike
0-2: Foul Ball, location: 2F
0-2: Foul Ball, location: 2F
0-2: Foul Ball, location: 2F
0-2: Ball
1-2: Ball
2-2: Foul Ball, location: 2F
2-2: Fly out, F8 (Line Drive, 8LD)
Runner from 3rd tags up, SCORES, no throw
Batting: RHB John Aston 0-0: Called Strike
Daniel Maldonado steals 2nd base
0-1: Called Strike
0-2: SINGLE (Groundball, 6MD)
Daniel Maldonado to third
Runner from 3rd tries for Home, SAFE, no throw
Batting: RHB Gilbert Graham 0-0: Called Strike
0-1: Swinging Strike
0-2: Ball
1-2: Ball
2-2: Strikes out swinging
Top of the 3rd over - 2 run(s), 1 hit(s), 0 error(s), 1 left on base; Santa Barbara 2 - Alaskan 0
BOTTOM OF THE 3RD
Alaskan Humpbacks batting - Pitching for Santa Barbara Golden Cranes : RHP Pablo Gómez
Batting: RHB José López 0-0: DOUBLE (Groundball, 5L)
Batting: RHB Augusto Escobar 0-0: Ball
1-0: Fly out, F9 (Flyball, 9D)
Runner from 2nd tags up, SAFE at 3rd, no throw
Batting: RHB Jack Peck 0-0: Foul Ball, location: 2F
0-1: Ball
1-1: Ball
2-1: Fly out, F6 (Line Drive, 6)
Batting: LHB Miguel Martínez 0-0: Ball
1-0: Ball
2-0: Ball
3-0: Called Strike
3-1: Called Strike
3-2: Foul Ball, location: 2F
3-2: SINGLE (Groundball, 34D)
José López scores
Batting: RHB Urs van Munster 0-0: Ball
1-0: Called Strike
1-1: Foul Ball, location: 2F
1-2: Ball
2-2: Ground out 5-3 (Groundball, 56S)
Bottom of the 3rd over - 1 run(s), 2 hit(s), 0 error(s), 1 left on base; Santa Barbara 2 - Alaskan 1
TOP OF THE 4TH
Santa Barbara Golden Cranes batting - Pitching for Alaskan Humpbacks : LHP Billy Grange
Batting: SHB Glyn Bolasky 0-0: Ball
1-0: Ball
2-0: Ball
3-0: Called Strike
3-1: Foul Ball, location: 2F
3-2: Strikes out looking
Batting: RHB Salvador Noriega 0-0: Ball
1-0: Foul Ball, location: 2F
1-1: Fly out, F9 (Line Drive, 9S)
Batting: RHB James Pike 0-0: Ball
1-0: Ball
2-0: Called Strike
2-1: Ball
3-1: DOUBLE (Flyball, 89M)
Batting: RHB Ángel López 0-0: Ground out 6-3 (Groundball, 6)
Top of the 4th over - 0 run(s), 1 hit(s), 0 error(s), 1 left on base; Santa Barbara 2 - Alaskan 1
BOTTOM OF THE 4TH
Alaskan Humpbacks batting - Pitching for Santa Barbara Golden Cranes : RHP Pablo Gómez
Batting: LHB Kelly Drijver 0-0: Ball
1-0: Foul Ball, location: 2F
1-1: Ball
2-1: Ball
3-1: Base on Balls
Batting: RHB Michael Riley 0-0: Ball
1-0: Foul Ball, location: 2F
1-1: Foul Ball, location: 2F
1-2: Foul Ball, location: 2F
1-2: Foul Ball, location: 2F
1-2: Foul Ball, location: 2F
1-2: Foul Ball, location: 2F
1-2: Strikes out swinging
Batting: RHB Jorge Flores 0-0: Ball
1-0: Called Strike
1-1: Foul Ball, location: 2F
1-2: Hit by Pitch
Kelly Drijver to second
Batting: RHB Gregory Shankland 0-0: Foul Ball, location: 2F
0-1: SINGLE (Groundball, 4D)
Kelly Drijver to third
Jorge Flores to second
Batting: RHB José López 0-0: Ball
Wild Pitch!
Kelly Drijver scores
Jorge Flores to third
Gregory Shankland to second
1-0: Foul Ball, location: 2F
1-1: Ball
2-1: Swinging Strike
2-2: 3-RUN HOME RUN (Flyball, 8RXD) (Inside the Park)
Batting: RHB Augusto Escobar 0-0: SINGLE (Flyball, 89S)
Batting: RHB Jack Peck 0-0: Foul Ball, location: 2F
0-1: Ball
1-1: Grounds into double play, 4-6-3 (Groundball, 4)
Bottom of the 4th over - 4 run(s), 3 hit(s), 0 error(s), 0 left on base; Santa Barbara 2 - Alaskan 5
TOP OF THE 5TH
Santa Barbara Golden Cranes batting - Pitching for Alaskan Humpbacks : LHP Billy Grange
Batting: RHB Daniel Maldonado 0-0: Ball
1-0: Ground out 4-3 (Groundball, 4)
Batting: RHB Ed St. James 0-0: Called Strike
0-1: Swinging Strike
0-2: Foul Ball, location: 2F
0-2: Ball
1-2: Foul Ball, location: 2F
1-2: Ball
2-2: Strikes out swinging
Batting: RHB Arsenio Laurel 0-0: Ball
1-0: Fly out, F9 (Flyball, 9S)
Top of the 5th over - 0 run(s), 0 hit(s), 0 error(s), 0 left on base; Santa Barbara 2 - Alaskan 5
BOTTOM OF THE 5TH
Alaskan Humpbacks batting - Pitching for Santa Barbara Golden Cranes : RHP Pablo Gómez
Batting: LHB Miguel Martínez 0-0: Ball
1-0: Ball
2-0: Ball
3-0: Called Strike
3-1: Base on Balls
Batting: RHB Urs van Munster 0-0: Called Strike
0-1: Ball
1-1: Grounds into double play, 6-4-3 (Groundball, 6)
Batting: LHB Kelly Drijver 0-0: Ball
1-0: Called Strike
1-1: Called Strike
1-2: Ball
2-2: Ground out 6-3 (Groundball, 4M)
Bottom of the 5th over - 0 run(s), 0 hit(s), 0 error(s), 0 left on base; Santa Barbara 2 - Alaskan 5
TOP OF THE 6TH
Santa Barbara Golden Cranes batting - Pitching for Alaskan Humpbacks : LHP Billy Grange
Batting: RHB John Aston 0-0: Called Strike
0-1: Ball
1-1: Swinging Strike
1-2: Ball
2-2: Strikes out swinging
Pitching: RHP Neil Gilliam
Batting: RHB Gilbert Graham 0-0: Ball
1-0: Foul Ball, location: 2F
1-1: Ball
2-1: Ball
3-1: Base on Balls
Batting: SHB Glyn Bolasky 0-0: Called Strike
0-1: Ground out 4-3 (Groundball, 34)
Gilbert Graham to second
Batting: RHB Salvador Noriega 0-0: Ball
1-0: Ball
2-0: Foul Ball, location: 2F
2-1: Ball
3-1: Base on Balls
Batting: RHB James Pike 0-0: Foul Ball, location: 2F
0-1: Swinging Strike
0-2: Ball
1-2: Ball
Wild Pitch!
Gilbert Graham to third
Salvador Noriega to second
2-2: Strikes out looking
Top of the 6th over - 0 run(s), 0 hit(s), 0 error(s), 2 left on base; Santa Barbara 2 - Alaskan 5
BOTTOM OF THE 6TH
Alaskan Humpbacks batting - Pitching for Santa Barbara Golden Cranes : RHP Pablo Gómez
Batting: RHB Michael Riley 0-0: Ball
1-0: Foul Ball, location: 2F
1-1: Foul Ball, location: 2F
1-2: Ball
2-2: Fly out, F8 (Flyball, 8RS)
Batting: RHB Jorge Flores 0-0: Foul Ball, location: 2F
0-1: Ball
1-1: SINGLE (Groundball, 4MD)
Batting: RHB Gregory Shankland 0-0: Foul Ball, location: 2F
0-1: Ball
1-1: Hit by Pitch
Jorge Flores to second
Batting: RHB José López 0-0: Called Strike
0-1: Called Strike
0-2: Ground out 6-3 (Groundball, 6MS)
Jorge Flores to third
Gregory Shankland to second
Batting: RHB Augusto Escobar 0-0: Called Strike
0-1: Ball
1-1: Foul Ball, location: 2F
1-2: Fly out, F9 (Flyball, 9S)
Bottom of the 6th over - 0 run(s), 1 hit(s), 0 error(s), 2 left on base; Santa Barbara 2 - Alaskan 5
TOP OF THE 7TH
Santa Barbara Golden Cranes batting - Pitching for Alaskan Humpbacks : RHP Neil Gilliam
Batting: RHB Ángel López 0-0: Swinging Strike
0-1: Foul Ball, location: 2F
0-2: Strikes out swinging
Batting: RHB Daniel Maldonado 0-0: Ground out 5-3 (Groundball, 56)
Batting: RHB Ed St. James 0-0: Ball
1-0: Ball
2-0: DOUBLE (Line Drive, 7)
Batting: RHB Arsenio Laurel 0-0: Called Strike
0-1: Fly out, F7 (Flyball, 78M)
Top of the 7th over - 0 run(s), 1 hit(s), 0 error(s), 1 left on base; Santa Barbara 2 - Alaskan 5
BOTTOM OF THE 7TH
Alaskan Humpbacks batting - Pitching for Santa Barbara Golden Cranes : RHP Pablo Gómez
Batting: RHB Jack Peck 0-0: Ball
1-0: Ball
2-0: Called Strike
2-1: Fly out, F4 (Popup, 3D)
Batting: LHB Miguel Martínez 0-0: Swinging Strike
0-1: Ball
1-1: Ball
2-1: Ball
3-1: Called Strike
3-2: Foul Ball, location: 2F
3-2: Fly out, F9 (Line Drive, 9LD)
Batting: RHB Urs van Munster 0-0: Ball
1-0: Ball
2-0: Ball
3-0: Base on Balls
Pitching: RHP José Peña
Batting: LHB Kelly Drijver 0-0: Ball
Urs van Munster steals 2nd base
1-0: Called Strike
1-1: Swinging Strike
1-2: Strikes out looking
Bottom of the 7th over - 0 run(s), 0 hit(s), 0 error(s), 1 left on base; Santa Barbara 2 - Alaskan 5
TOP OF THE 8TH
Santa Barbara Golden Cranes batting - Pitching for Alaskan Humpbacks : RHP Neil Gilliam
Batting: RHB John Aston 0-0: Ball
1-0: Ball
2-0: Fly out, F9 (Flyball, 9LM)
Batting: RHB Gilbert Graham 0-0: Ball
1-0: Ball
2-0: Fly out, F7 (Flyball, 7)
Batting: SHB Glyn Bolasky 0-0: Ball
1-0: Foul Ball, location: 2F
1-1: Ball
2-1: Swinging Strike
2-2: Strikes out swinging
Top of the 8th over - 0 run(s), 0 hit(s), 0 error(s), 0 left on base; Santa Barbara 2 - Alaskan 5
BOTTOM OF THE 8TH
Alaskan Humpbacks batting - Pitching for Santa Barbara Golden Cranes : RHP José Peña
Batting: RHB Michael Riley 0-0: Ball
1-0: Ball
2-0: Called Strike
2-1: Called Strike
2-2: Ball
3-2: Strikes out looking
Batting: RHB Jorge Flores 0-0: Swinging Strike
0-1: Ground out 3-1 (Groundball, 34)
Batting: RHB Gregory Shankland 0-0: Ball
1-0: Called Strike
1-1: Swinging Strike
1-2: Strikes out looking
Bottom of the 8th over - 0 run(s), 0 hit(s), 0 error(s), 0 left on base; Santa Barbara 2 - Alaskan 5
TOP OF THE 9TH
Santa Barbara Golden Cranes batting - Pitching for Alaskan Humpbacks : RHP Neil Gilliam
Pitching: RHP Andrew Webster
Batting: RHB Salvador Noriega 0-0: Called Strike
0-1: Ball
1-1: Ball
2-1: Ball
3-1: Called Strike
3-2: Strikes out swinging
Batting: RHB James Pike 0-0: Ball
1-0: Called Strike
1-1: Ball
2-1: Foul Ball, location: 2F
2-2: Ball
3-2: Strikes out swinging
Batting: RHB Ángel López 0-0: Ball
1-0: Ball
2-0: Ball
3-0: Base on Balls
Batting: RHB Daniel Maldonado 0-0: Ball
1-0: Swinging Strike
1-1: Foul Ball, location: 2F
1-2: Ball
2-2: Foul Ball, location: 2F
2-2: Fly out, F4 (Line Drive, 4M)
Top of the 9th over - 0 run(s), 0 hit(s), 0 error(s), 1 left on base; Santa Barbara 2 - Alaskan 5
Friday, August 25th, 2017 - OOTP Baseball 17.12 Build 75